 Dungeon Crawl Stone Soup version 0.31-a0-202-g547052bce9 (webtiles) character file.

Game seed: 10703269379582406748

130 erloom the Digger (level 5, 0/28 HPs)
             Began as a Gargoyle Earth Elementalist on June 26, 2023.
             Slain by a gnoll sergeant
             ... wielding a +0 spear
              (11 damage)
             ... on level 3 of the Dungeon.
             The game lasted 00:05:15 (1530 turns).

erloom the Digger (Gargoyle Earth Elementalist)     Turns: 1530, Time: 00:05:17

Health: 0/28       AC:  8    Str: 11    XL:     5   Next: 14%
Magic:  4/9        EV: 11    Int: 18    God:
Gold:   102        SH:  0    Dex: 10    Spells: 6/10 levels left

rFire   . . .        d - staff of conjuration
rCold   . . .        (no shield)
rNeg    + . .        a - +0 robe
rPois   ∞            h - +2 hat
rElec   +            (no cloak)
rCorr   .            (no gloves)
SInv    .            (no boots)
Will    .....        (no amulet)
Stlth   ++           (no ring)
HPRegen 0.24/turn    (no ring)
MPRegen 0.11/turn

%: no passive effects
@: no status effects
A: sickness immunity, AC +4, negative energy resistance 1, electricity
resistance, torment resistance 1, petrification resistance
a: no special abilities


You were on level 3 of the Dungeon.
You visited 1 branch of the dungeon, and saw 3 of its levels.

You collected 102 gold pieces.

Inventory:

Hand Weapons
 j - a +0 hand axe
 o - a +0 whip
Armour
 a - a +0 robe (worn)
 h - a +2 hat (worn)
Magical Staves
 d - a staff of conjuration (weapon)
Scrolls
 f - 2 scrolls of teleportation {unknown}
 g - 2 scrolls of identify {unknown}
 i - a scroll of amnesia {unknown}
 k - 2 scrolls of brand weapon {unknown}
 l - a scroll of blinking {unknown}
 n - a scroll of enchant weapon {unknown}
Potions
 b - 2 potions of magic
 c - a potion of curing
 e - a potion of berserk rage {unknown}
 m - a potion of enlightenment {unknown}


   Skills:
 - Level 1.5 Dodging
 - Level 2.1 Stealth
 + Level 3.0 Spellcasting
 + Level 1.9 Conjurations
 - Level 2.0 Transmutations
 + Level 4.7 Earth Magic


You had 6 spell levels left.
You knew the following spells:

 Your Spells              Type           Power      Damage    Failure   Level
a - Sandblast             Erth           38%        2d10      2%          1
b - Stone Arrow           Conj/Erth      44%        3d9       12%         3

Your spell library contained the following spells:

 Spells                   Type           Power      Damage    Failure   Level
 Passwall                 Tmut/Erth      11%        N/A       6%          2
 Summon Small Mammal      Summ           8%         N/A       16%         1
 Ignite Poison            Fire/Tmut/Pois 5%         N/A       36%         3
 Petrify                  Tmut/Erth      14%        N/A       38%         4
 Call Canine Familiar     Summ           2%         N/A       43%         3
 Summon Guardian Golem    Hex/Summ       2%         N/A       43%         3
 Sticky Flame             Conj/Fire      9%         2d3       71%         4
 Ignition                 Fire           1%         3d3       100%        8


Dungeon Overview and Level Annotations

Branches:
Dungeon (3/15)

Altars:

Shops:
D:2 [

Annotations:
D:2 Sigmund


Innate Abilities, Weirdness & Mutations

You are immune to sickness and miasma.
Your stone body is resilient. (AC +4)
You are immune to poison.
You resist negative energy. (rN+)
You are resistant to electric shocks. (rElec)
You are resistant to unholy torment.
You are immune to petrification.


Message History

Aiming: Sandblast (safe; 2% risk of failure)
Press: ? - help, Shift-Dir - straight line, f - gnoll sergeant
Aim: a gnoll sergeant, wielding a +0 spear and wearing a +0 scale mail (87% to hit)
The blast of sand hits the gnoll sergeant but does no damage.
The gnoll sergeant hits you with a +0 spear.
The gnoll sergeant closely misses you.
Unknown command.
Casting: Sandblast (safe; 2% risk of failure)
Confirm with . or Enter, or press ? or * to list all spells.
Aiming: Sandblast (safe; 2% risk of failure)
Press: ? - help, Shift-Dir - straight line, f/p - gnoll sergeant
Aim: a gnoll sergeant, wielding a +0 spear and wearing a +0 scale mail (87% to hit)
The blast of sand hits the gnoll sergeant but does no damage.
The gnoll sergeant hits you but does no damage.
Casting: Sandblast (safe; 2% risk of failure)
Confirm with . or Enter, or press ? or * to list all spells.
Aiming: Sandblast (safe; 2% risk of failure)
Press: ? - help, Shift-Dir - straight line, f/p - gnoll sergeant
Aim: a gnoll sergeant, wielding a +0 spear and wearing a +0 scale mail (87% to hit)
The blast of sand hits the gnoll sergeant but does no damage.
The gnoll sergeant completely misses you.
The gnoll sergeant hits you with a +0 spear.
Unknown command.
Casting: Sandblast (safe; 2% risk of failure)
Confirm with . or Enter, or press ? or * to list all spells.
Aiming: Sandblast (safe; 2% risk of failure)
Press: ? - help, Shift-Dir - straight line, f/p - gnoll sergeant
Aim: a gnoll sergeant, wielding a +0 spear and wearing a +0 scale mail (87% to hit)
The blast of sand hits the gnoll sergeant!
The gnoll sergeant is moderately wounded.
The gnoll sergeant hits you with a +0 spear.
Casting: Sandblast (safe; 2% risk of failure)
Confirm with . or Enter, or press ? or * to list all spells.
Aiming: Sandblast (safe; 2% risk of failure)
Press: ? - help, Shift-Dir - straight line, f/p - gnoll sergeant
Aim: a gnoll sergeant, wielding a +0 spear and wearing a +0 scale mail (moderately wounded, 87% to hit)
The blast of sand hits the gnoll sergeant!
The gnoll sergeant is severely wounded.
The gnoll sergeant hits you with a +0 spear! x2
You die...

#.# #.# #.#
#.# #.# #.#
#.# #@# ..
#g# . #g# .
#g####### #
#...g.g.# #
#######.# #
#.##########
#.g.g.g....)
############


You could see a gnoll sergeant and 2 gnolls.

Vanquished Creatures
  Jessica (D:1)
  Natasha (twice) (D:2)
  2 gnolls (D:3)
  A dart slug (D:1)
  4 bats
  4 endoplasms
  3 giant cockroaches (D:1)
  4 goblins
  3 hobgoblins (D:1)
  5 quokkas
  2 ball pythons
  A kobold (D:2)
  2 rats
34 creatures vanquished.

Notes
Turn   | Place    | Note
-------+----------+-------------------------------------------
     0 | D:1      | erloom the Gargoyle Earth Elementalist began the quest for
                  | the Orb.
     0 | D:1      | Reached XP level 1. HP: 10/10 MP: 3/3
   131 | D:1      | Reached skill level 1 in Transmutations
   163 | D:1      | Reached XP level 2. HP: 15/15 MP: 0/5
   389 | D:1      | Reached skill level 4 in Earth Magic
   842 | D:1      | Reached XP level 3. HP: 19/19 MP: 3/6
   939 | D:1      | Learned a level 3 spell: Stone Arrow
  1009 | D:2      | Noticed Jessica
  1013 | D:2      | Noticed Natasha
  1036 | D:1      | Killed Jessica
  1037 | D:1      | Reached skill level 1 in Conjurations
  1119 | D:2      | Reached XP level 4. HP: 24/24 MP: 5/8
  1142 | D:2      | Noticed Sigmund
  1292 | D:2      | Killed Natasha
  1339 | D:2      | Found Ygeacihi's Antique Armour Emporium.
  1367 | D:2      | Noticed Natasha
  1371 | D:2      | Killed Natasha
  1429 | D:3      | Noticed a gnoll sergeant
  1437 | D:3      | Reached XP level 5. HP: 21/28 MP: 6/9
  1530 | D:3      | Slain by a gnoll sergeant

Illustrated notes

Levels and vault maps discovered:
D:1:      wheals_arrival_linesprint, layout_basic
D:2:      layout_rooms, serial_shops, nicolae_shop_window_shopping,
          serial_bayou_pond_c, uniq_sigmund, uniq_jessica, uniq_natasha
D:3:      layout_loops_ring

Skill      XL: |  1  2  3  4 |
---------------+-------------+-----
Transmutations | 1 2 |  2.0
Earth Magic    | 4 |  4.7
Conjurations   | 1 |  1.9
Spellcasting   | 3 |  3.0
Dodging        | |  1.5
Stealth        | |  2.1

Action                     |  1- 3 |  4- 6 || total
---------------------------+-------+-------++-------
  Melee: Unarmed           |     6 |       ||     6
         Staff             |     3 |       ||     3
   Cast: Sandblast         |    40 |    24 ||    64
 Armour: Robe              |    10 |     7 ||    17
  Dodge: Dodged            |    21 |    15 ||    36

Table legend: (Time is in decaauts)
 A = Elapsed time spent in this place.
 B = Non-inter-level travel time spent in this place.
 C = Inter-level travel time spent in this place.
 D = Time resting spent in this place.
 E = Time spent auto-exploring this place.
 F = Levels seen in this place.
 G = Mean time per level.
                   A        B        C        D        E       F      G
               +--------+--------+--------+--------+--------+-----+--------+
         Total |   1572 |   1413 |    159 |    126 |    853 |   3 |  524.0 |
       Dungeon |   1572 |   1413 |    159 |    126 |    853 |   3 |  524.0 |
               +--------+--------+--------+--------+--------+-----+--------+

Top non-repeatable levels by time:
     D:1: 1126 daAuts
     D:2: 372 daAuts
     D:3: 73 daAuts
